 Dungeon Crawl Stone Soup version 0.31-a0-1074-g0b22e4e0f1 (webtiles) character file.

Game seed: 4604725607577024479

545 strifetoe the Chopper (level 7, 0/50 HPs)
             Began as a Demonspawn Gladiator on Dec 7, 2023.
             Was a Follower of Makhleb.
             Slain by an orc warrior
             ... wielding a +0 scimitar
              (9 damage)
             ... on level 4 of the Dungeon.
             The game lasted 00:05:15 (3914 turns).

strifetoe the Chopper (Demonspawn Gladiator)        Turns: 3914, Time: 00:05:16

Health: 0/50       AC:  9    Str: 16    XL:     7   Next: 6%
Magic:  7/7        EV:  8    Int:  9    God:    Makhleb [*.....]
Gold:   163        SH:  0    Dex: 15    Spells: 6/6 levels left

rFire   . . .        a - +1 war axe
rCold   . . .        (no shield)
rNeg    . . .        m - +0 chain mail
rPois   .            (helmet restricted)
rElec   .            r - +0 cloak
rCorr   .            (no gloves)
SInv    .            (no boots)
Will    .....        (no amulet) Stlth
                     (no ring)
HPRegen 0.28/turn    (no ring)
MPRegen 0.10/turn

%: no passive effects
@: no status effects
A: antennae 1, claws 2, spiny 1, weakness stinger 1
a: Renounce Religion


You were on level 4 of the Dungeon.
You worshipped Makhleb.
Makhleb was aware of your devotion.
You visited 2 branches of the dungeon, and saw 6 of its levels.

You collected 221 gold pieces.
You spent 58 gold pieces at shops.

Inventory:

Hand Weapons
 a - a +1 war axe (weapon)
 o - a +2 vampiric whip
Missiles
 d - 3 throwing nets (quivered)
 e - a javelin
Armour
 b - a +0 leather armour
 c - a +0 helmet
 m - a +0 chain mail (worn)
 r - a +0 cloak (worn)
Jewellery
 p - an amulet of magic regeneration
Wands
 q - a wand of roots (6)
 t - a wand of flame (3)
Scrolls
 f - 2 scrolls of teleportation
 i - 2 scrolls of immolation
 j - a scroll of noise
 s - 2 scrolls of fog
Potions
 g - 3 potions of lignification
 h - a potion of brilliance
 k - 3 potions of cancellation
 l - a potion of might {unknown}
 n - a potion of magic {unknown}


   Skills:
 - Level 2.0 Fighting
 + Level 5.6(6.4) Axes
 - Level 4.5(5.8) Maces & Flails
 - Level 1.7 Throwing
 - Level 2.6 Dodging


You had 6 spell levels left.
You didn't know any spells.
Your spell library contained the following spells:

 Spells                   Type           Power      Damage    Failure   Level
 Foxfire                  Conj/Fire      0%         2x1d4     99%         1
 Poisonous Vapours        Pois/Air       0%         N/A       100%        2
 Scorch                   Fire           0%         2d5       100%        2
 Inner Flame              Hex/Fire       0%         N/A       100%        3
 Mephitic Cloud           Conj/Pois/Air  0%         N/A       100%        3
 Volatile Blastmotes      Fire/Tloc      0%         2d10      100%        3
 Animate Dead             Necr           0%         N/A       100%        4
 Fulminant Prism          Conj/Hex       0%         3d5       100%        4
 Iskenderun's Mystic Bla  Conj/Tloc      0%         2d3       100%        4
 Borgnjor's Vile Clutch   Necr/Erth      0%         N/A       100%        5
 Freezing Cloud           Conj/Ice/Air   0%         6-21      100%        5
 Irradiate                Conj/Tmut      0%         3d11      100%        5
 Death Channel            Necr           0%         N/A       100%        6
 Ignition                 Fire           0%         3d3       100%        8


Dungeon Overview and Level Annotations

Branches:
Dungeon (5/15)             Temple (1/1) D:4

Altars:
Ashenzari
Cheibriados
Dithmenos
Gozag
Hepliaklqana
Kikubaaqudgha
Makhleb
Nemelex Xobeh
Okawaru
Qazlal
Ru
Trog
Vehumet
Wu Jian
Yredelemnul

Shops:
D:2 [   D:3 (


Innate Abilities, Weirdness & Mutations

You have a pair of small antennae on your head.
You have very sharp fingernails.
You are partially covered in sharp spines.
You have a small tail.


Message History

You slash the orc!
You kill the orc!
Makhleb accepts your kill.
You can now gain health from killing.
You hit the orc but do no damage.
You hit the orc warrior but do no damage.
You slash the orc!
You kill the orc!
Makhleb accepts your kill. The orc is struck by your spines.
The orc closely misses you.
The orc warrior hits you but does no damage.
You closely miss the orc.
The orc is heavily wounded.
You hit the orc warrior but do no damage.
The orc closely misses you.
The orc warrior hits you with a +0 scimitar!
Unknown command.
The orc hits you with a +0 whip.
* * * LOW HITPOINT WARNING * * *
The orc warrior hits you with a +0 scimitar.
* * * LOW HITPOINT WARNING * * *
You climb upwards.
There is a stone staircase leading down here.
Unknown command.
The orc is struck by your spines.
You kill the orc!
Makhleb accepts your kill.
The orc warrior attacks as it pursues you!
The orc warrior hits you with a +0 scimitar.
* * * LOW HITPOINT WARNING * * *
The orc warrior attacks as it pursues you!
The orc warrior is struck by your spines.
The orc warrior hits you with a +0 scimitar.
* * * LOW HITPOINT WARNING * * *
It was a potion of curing.
You feel better.
The orc warrior is struck by your spines.
The orc warrior hits you with a +0 scimitar.
* * * LOW HITPOINT WARNING * * *
You feel better.
The orc warrior hits you with a +0 scimitar!
You die...

##.#....○#...# #.#
#.###.###...# #.#
####.......## #.# #.......#
#.######## ###.......#
#).......# #.........###
#........# #.........'.###
###........#
#.........#...###.'........#
###......)###.@o>.#........#
######### ####)##........#
#.##........# #.##........#
#.##........# #.###########
#.# #.##############
#...............


You could see an orc warrior.

Vanquished Creatures
  Menkaure (D:4)
  An ogre (D:4)
  A howler monkey (D:4)
  2 orc priests (D:4)
  A sleepcap (D:4)
  An iguana (D:4)
  An orc wizard (D:4)
  Terence (D:2)
  3 adders
  2 ufetubi (D:4)
  2 worms
  17 orcs
  4 ball pythons
  5 endoplasms
  A giant cockroach (D:1)
  11 goblins
  7 hobgoblins
  A jackal (D:3)
  6 quokkas
  5 bats
  4 frilled lizards (D:3)
  2 kobolds
  2 rats
81 creatures vanquished.

Notes
Turn   | Place    | Note
-------+----------+-------------------------------------------
     0 | D:1      | strifetoe the Demonspawn Gladiator began the quest for the
                  | Orb.
     0 | D:1      | Reached XP level 1. HP: 16/16 MP: 1/1
    67 | D:1      | Reached skill level 3 in Axes
   171 | D:1      | Found a faded altar of an unknown god.
   199 | D:1      | Gained mutation: You are partially covered in sharp spines.
                  | [demonic ancestry]
   199 | D:1      | Reached XP level 2. HP: 20/22 MP: 2/2
   366 | D:1      | Got the Tome of Conflagrant Sculpting
  1050 | D:2      | Noticed Terence
  1059 | D:2      | Killed Terence
  1060 | D:2      | Reached skill level 4 in Axes
  1060 | D:2      | Discovered your monstrous ancestry.
  1060 | D:2      | Gained mutation: You have a pair of small antennae on your
                  | head. [demonic ancestry]
  1060 | D:2      | Reached XP level 3. HP: 8/27 MP: 3/3
  1199 | D:2      | Found Neupp's Armour Shop.
  1553 | D:2      | Bought a +0 cloak for 58 gold pieces
  2167 | D:3      | Found Woajo's Antique Weapon Shoppe.
  2290 | D:3      | Found a large runed translucent door.
  2292 | D:3      | Found a large runed translucent door.
  2410 | D:3      | Gained mutation: You have a small tail. [demonic ancestry]
  2410 | D:3      | Reached XP level 4. HP: 26/33 MP: 4/4
  2637 | D:3      | Found an ornate altar of the Wu Jian Council.
  2648 | D:3      | Found a sparkling altar of Nemelex Xobeh.
  2684 | D:4      | Found a stormy altar of Qazlal.
  2700 | D:4      | Reached skill level 5 in Axes
  2707 | D:4      | Reached XP level 5. HP: 20/38 MP: 5/5
  2800 | D:4      | Found a staircase to the Ecumenical Temple.
  2824 | D:4      | Found a sacrificial altar of Ru.
  2841 | Temple   | Entered the Ecumenical Temple
  2874 | Temple   | Became a worshipper of Makhleb the Destroyer
  2969 | D:4      | Reached skill level 1 in Maces & Flails
  3054 | D:4      | Gained mutation: You have sharp fingernails. [demonic
                  | ancestry]
  3054 | D:4      | Reached XP level 6. HP: 19/44 MP: 6/6
  3155 | D:4      | Noticed Menkaure
  3162 | D:4      | Killed Menkaure
  3775 | D:4      | Reached * piety under Makhleb
  3776 | D:4      | Gained mutation: You have very sharp fingernails. [demonic
                  | ancestry]
  3776 | D:4      | Reached XP level 7. HP: 33/50 MP: 7/7
  3903 | D:5      | Entered Level 5 of the Dungeon
  3912 | D:4      | HP: 1/50 [orc warrior/+0 scimitar (6)]
  3914 | D:4      | Slain by an orc warrior

Illustrated notes

Levels and vault maps discovered:
D:1:      saegor_arrival_simple_e, layout_basic, ebering_ecumenical_altar_hall
D:2:      layout_basic, serial_shops, nicolae_shop_hallway_stairs, uniq_terence
D:3:      layout_basic, lemuel_doored_altar, jmf_multi_god_temple2,
          serial_shops, nicolae_shop_overgrown_old_shop
D:4:      layout_basic, grunt_qazlal_clouds, nicolae_ru_awakened_eye,
          minmay_temple_entry_offerings, uniq_menkaure
D:5:      layout_rooms, nicolae_uskayaw_en_pointe
Temple:   nicolae_temple_godzebo

Skill      XL: |  1  2  3  4  5  6 |
---------------+-------------------+-----
Axes           | 3 4 5 |  5.6
Maces & Flails | 2 4 |  4.5
Fighting       | |  2.0
Throwing       | |  1.7
Dodging        | |  2.6

Action                     |  1- 3 |  4- 6 |  7- 9 || total
---------------------------+-------+-------+-------++-------
  Melee: War axe           |    77 |    75 |     5 ||   157
         Punch             |     1 |     1 |       ||     2
         Tailslap          |       |    12 |       ||    12
  Evoke: Wand              |       |     9 |       ||     9
    Use: Potion            |     1 |       |     2 ||     3
         Scroll            |       |     9 |       ||     9
 Armour: Leather armour    |    28 |       |       ||    28
         Chain mail        |    31 |    58 |    12 ||   101
         Skin              |     2 |       |       ||     2
  Dodge: Dodged            |    39 |    37 |     2 ||    78

Table legend: (Time is in decaauts)
 A = Elapsed time spent in this place.
 B = Non-inter-level travel time spent in this place.
 C = Inter-level travel time spent in this place.
 D = Time resting spent in this place.
 E = Time spent auto-exploring this place.
 F = Levels seen in this place.
 G = Mean time per level.
                   A        B        C        D        E       F      G
               +--------+--------+--------+--------+--------+-----+--------+
         Total |   3957 |   3757 |    200 |    179 |   2993 |   6 |  659.5 |
       Dungeon |   3888 |   3688 |    200 |    179 |   2993 |   5 |  777.6 |
        Temple |     68 |     68 |      0 |      0 |      0 |   1 |   68.0 |
               +--------+--------+--------+--------+--------+-----+--------+

Top non-repeatable levels by time:
     D:4: 1172 daAuts
     D:2: 1157 daAuts
     D:1: 901 daAuts
     D:3: 648 daAuts
  Temple: 68 daAuts
     D:5: 7 daAuts
